 Dungeon Crawl Stone Soup version 0.25-a0-937-gcfae464cf3 (webtiles) character file.

Game seed: 14236980506557992493, levelgen mode: deterministic

227554 inmateoo the Brawler (level 18, -31/226 HPs)
             Began as a Troll Wizard on May 4, 2020.
             Was the Champion of Okawaru.
             Annihilated by an Ice Fiend (51 damage)
             ... summoned by a deep elf demonologist
             ... on level 3 of the Elven Halls.
             The game lasted 01:11:10 (33779 turns).

inmateoo the Brawler (Troll Wizard)                Turns: 33779, Time: 01:11:10

Health: -31/226    AC: 25    Str: 24    XL:     18   Next: 68%
Magic:  28/32      EV: 16    Int: 16    God:    Okawaru [******]
Gold:   3714       SH:  0    Dex: 15    Spells: 17/39 levels left

rFire    + + .     SeeInvis +     - Unarmed
rCold    . . .     Gourm    +   (no shield)
rNeg     + + +     Faith    .   (armour currently unavailable)
rPois    ∞         Spirit   .   N - -2 hat of the Alchemist {rElec rPois rF+ rC+ rN+ MR+ rMut rCorr}
rElec    +         Reflect  .   Z - +2 cloak
rCorr    +         Harm     .   (gloves unavailable)
rMut     +                      (boots unavailable)
MR       ++...                  S - amulet of Fatigue {Regen+ Dex+7}
Stlth    +.........             l - ring of positive energy
HPRegen  1.27/turn              I - ring of Vanity {Fire SInv}
MPRegen  0.23/turn

@: liquid flames, statue-form, glowing, very slow
A: large, unfitting armour, claws 3, fangs 1, fast metabolism 3, gourmand,
regeneration 1
}: 1/15 runes: abyssal
a: End Transformation, Heroism, Finesse, Renounce Religion


You were on level 3 of the Elven Halls.
You worshipped Okawaru.
Okawaru was exalted by your worship.
You were completely stuffed.
You were a stone statue.
You visited 4 branches of the dungeon, and saw 26 of its levels.
You visited the Abyss 2 times.
You also visited: Ossuary, Bailey, Gauntlet and Ice Cave.

You collected 4629 gold pieces.
You spent 915 gold pieces at shops.

Inventory:

Missiles
 q - 37 large rocks (quivered)
 v - 44 boomerangs
 P - 2 silver javelins
Armour
 b - a scarf of repulsion
 c - +2 ice dragon scales
 N - the -2 hat of the Alchemist (worn) {rElec rPois rF+ rC+ rN+ MR+ rMut rCorr}
   (You found it on level 14 of the Dungeon)

   It protects you from fire.
   It protects you from cold.
   It insulates you from electricity.
   It protects you from poison.
   It protects you from negative energy.
   It affects your resistance to hostile enchantments.
   It provides partial protection from all sources of acid and corrosion.
   It protects you from mutation.
 U - a +0 kite shield
 Z - a +2 cloak (worn)
Jewellery
 g - the ring "Haumn" {rPois rF- MR+++ Str-4 SInv}
   (You found it on level 6 of the Lair of Beasts)

   [ring of poison resistance]

   It affects your strength (-4).
   It makes you vulnerable to fire.
   It protects you from poison.
   It affects your resistance to hostile enchantments.
   It lets you see invisible.
 l - a ring of positive energy (left claw)
 B - an uncursed ring of see invisible
 I - the ring of Vanity (right claw) {Fire SInv}
   (You found it in a Gauntlet)

   [ring of fire]

   It enhances your fire magic.
   It protects you from fire.
   It makes you vulnerable to cold.
   It lets you see invisible.
 M - an uncursed ring of protection from cold
 S - the amulet of Fatigue (around neck) {Regen+ Dex+7}
   (You found it in an ice cave)

   [amulet of regeneration]

   It affects your dexterity (+7).
   It increases your rate of regeneration.
Wands
 f - a wand of clouds (5)
 p - a wand of enslavement (7)
 r - a wand of polymorph (11)
 y - a wand of acid (28)
 z - a wand of iceblast (21)
 F - a wand of digging (5)
 H - a wand of random effects (21)
 K - a wand of flame (25)
 L - a wand of disintegration (31)
 Q - a wand of scattershot (2)
Scrolls
 a - 4 scrolls of blinking
 k - 12 scrolls of teleportation
 s - 4 scrolls of fear
 t - 4 scrolls of enchant armour
 C - a scroll of fog
 D - 9 scrolls of remove curse
 E - 4 scrolls of amnesia
 R - 9 scrolls of identify
 T - 4 scrolls of holy word
 V - 6 scrolls of magic mapping
Potions
 e - 5 potions of brilliance
 h - a potion of cancellation
 i - 2 potions of ambrosia
 j - 3 potions of flight
 m - 8 potions of haste
 n - 12 potions of heal wounds
 o - 14 potions of curing
 u - 3 potions of mutation
 w - a potion of invisibility
 x - 3 potions of magic
 A - 7 potions of might
 G - 6 potions of lignification
 J - 2 potions of resistance
Miscellaneous
 O - a phial of floods
 X - a phantom mirror
 Y - a lightning rod (4/4)
Comestibles
 d - 41 rations


   Skills:
 - Level 10.0 Fighting
 - Level 5.0 Throwing
 - Level 5.0 Armour
 - Level 10.0 Dodging
 - Level 1.0 Stealth
 + Level 16.5 Unarmed Combat
 * Level 11.1 Spellcasting
 - Level 0.6 Conjurations
   Level 0.6 Summonings
 - Level 0.6 Translocations
 + Level 7.8 Transmutations
 + Level 10.7 Earth Magic
 - Level 7.0 Invocations


You had 17 spell levels left.
You knew the following spells:

 Your Spells              Type           Power        Failure   Level  Hunger
a - Statue Form           Tmut/Erth      #####....    28%         6    ######.
b - Blink                 Tloc           N/A          10%         2    None
c - Slow                  Hex            #.......     12%         2    None
d - Conjure Flame         Conj/Fire      ##......     22%         3    None
e - Beastly Appendage     Tmut           ####..       1%          1    None
f - Passwall              Tmut/Erth      #####...     1%          2    None
g - Blade Hands           Tmut           ####......   9%          5    #####..
h - Magic Dart            Conj           ##..         6%          1    None

Your spell library contained the following spells:

 Spells                   Type           Power        Failure   Level  Hunger
 Sandblast                Erth           #####.       1%          1    None
 Sticks to Snakes         Tmut           ####....     1%          2    None
 Petrify                  Tmut/Erth      #####...     1%          4    ###....
 Stone Arrow              Conj/Erth      ####..       2%          3    None
 Lee's Rapid Deconstruct  Erth           #####.....   2%          5    #####..
 Spider Form              Tmut/Pois      ###.......   4%          3    None
 Apportation              Tloc           ##....       6%          1    None
 Summon Small Mammal      Summ           ##..         6%          1    None
 Animate Skeleton         Necr           N/A          9%          1    None
 Corona                   Hex            #......      9%          1    None
 Pain                     Necr           #...         9%          1    None
 Ignite Poison            Fire/Tmut/Pois ####....     9%          3    None
 Call Imp                 Summ           ##......     10%         2    None
 Ensorcelled Hibernation  Hex/Ice        #.....       12%         2    None
 Ice Form                 Ice/Tmut       ###.....     16%         4    ###....
 Call Canine Familiar     Summ           ##......     19%         3    None
 Recall                   Summ/Tloc      N/A          19%         3    None
 Dazzling Flash           Conj/Hex       #.....       22%         3    None
 Mephitic Cloud           Conj/Pois/Air  #.......     22%         3    None
 Portal Projectile        Hex/Tloc       #.....       22%         3    None
 Summon Guardian Golem    Hex/Summ       #.......     22%         3    None
 Confusing Touch          Hex            #.......     24%         3    None
 Tukima's Dance           Hex            #.......     24%         3    None
 Vampiric Draining        Necr           #.........   24%         3    None
 Borgnjor's Vile Clutch   Necr/Erth      ####......   26%         5    #####..
 Irradiate                Conj/Tmut      ###.......   38%         5    #####..
 Hydra Form               Tmut           ####......   45%         6    ######.
 Iskenderun's Mystic Bla  Conj/Tloc      ##......     54%         4    ###....
 Summon Ice Beast         Ice/Summ       #.......     56%         4    ###....
 Summon Lightning Spire   Summ/Air       #.......     56%         4    ###....
 Animate Dead             Necr           N/A          63%         4    ###....
 Summon Forest            Summ/Tloc      ##........   87%         5    #####..
 Fireball                 Conj/Fire      ##........   89%         5    #####..
 Agony                    Necr           #.......     92%         5    #####..
 Dragon Form              Tmut           ####......   95%         7    #######
 Death Channel            Necr           #.........   100%        6    ######.
 Simulacrum               Ice/Necr       #.........   100%        6    ######.
 Starburst                Conj/Fire      ##........   100%        6    ######.
 Ring of Flames           Chrm/Fire      ##........   100%        7    #######
 Disjunction              Tloc           ##........   100%        8    #######
 Ignition                 Fire           ##........   100%        8    #######


Dungeon Overview and Level Annotations

Branches:
Dungeon (15/15)            Temple (0/1) D:7            Lair (6/6) D:10
 Shoals (0/4) Lair:3       Spider (0/4) Lair:4        Slime (0/5) Lair:6
    Orc (2/2) D:11            Elf (3/3) Orc:2        Vaults (0/5) D:13
 Depths (0/5) D:15        Ossuary (visited)          Bailey (visited)
  IceCv (visited)         Gauntlet (visited)

Altars:
Elyvilon
Hepliaklqana
Kikubaaqudgha
Okawaru
Trog
Uskayaw
Vehumet
Wu Jian
Xom
Beogh

Shops:
D:8 :   D:15 ?[[}[   Orc:2 }[(   Elf:1 =

Portals:
Trove: D:13 (give +7 demon trident)

Annotations:
D:10 exclusion: 2 doors
Elf:2 3 runed translucent doors


Innate Abilities, Weirdness & Mutations

You are too large for most types of armour.
You have claws for hands.
Your metabolism is lightning-fast.
You like to eat raw meat.
Your natural rate of healing is unusually fast.
((You are covered in thick fur. (AC +2)))
((You have extremely tough skin. (AC +3)))
You have very sharp teeth.


Message History

* * * LOW HITPOINT WARNING * * *
Unknown command.
You barely miss the deep elf demonologist.
The deep elf demonologist is moderately wounded.
You are covered in liquid flames!
* * * LOW HITPOINT WARNING * * *
The Executioner hits you but does no damage. x3
The Executioner hits you!
* * * LOW HITPOINT WARNING * * *
The Executioner hits you but does no damage.
The Executioner barely misses you. The balrug barely misses you.
The deep elf demonologist hits you but does no damage.
The orange demon stings you from afar!
* * * LOW HITPOINT WARNING * * *
The ufetubus completely misses you. The ufetubus barely misses you.
The ynoxinul hits you but does no damage.
The Ice Fiend claws you!
* * * LOW HITPOINT WARNING * * *
The Ice Fiend freezes you!!!
You die...

##....# #.#)## ..#...# ###[#
..#...# #.# ##....# #)#
##....# #)# #..#..# ##### #)#
..###.# ###...### ###)### .##
#.# #......5### ###.[...## ##
#.##.......281###.).......# #
#.##.....^.3e1...............
#.##......555.4..............
#.###.......5................
#.# ##...............#.......
### #..............###......
#...............#......
.....................
..................


You could see an Ice Fiend, a balrug, an Executioner, a deep elf demonologist,
an orange demon, a ynoxinul and 5 ufetubi.

Vanquished Creatures
  An ancient lich (Abyss:3)
  6 liches
  A deep elf blademaster (Elf:3)
  A deep elf master archer (Elf:3)
  Gastronok (Lair:2)
  2 tentacled starspawn
  A frost giant (D:15)
  An orc warlord (Bailey)
  5 deep elf sorcerers (Elf:3)
  2 balrugs (Gauntlet)
  A deep elf elementalist (Elf:3)
  A minotaur (Gauntlet)
  10 deep elf annihilators
  Azrael (D:14)
  The ghost of Siteim the Basher, a journeyman MiAK of Lugonu (Lair:3)
  An ettin (Orc:2)
  2 deep elf death magi (Elf:3)
  Josephine (Lair:6)
  2 deep elf high priests
  2 fire dragons (Abyss:3)
  A great orb of eyes (Abyss:3)
  2 rakshasas
  8 hydras
  4 vault guards (D:13)
  Erolcha (Orc:2)
  3 catoblepae (Lair:6)
  10 two-headed ogres
  3 centaur warriors
  A death knight (D:14)
  4 ogre magi
  19 dancing weapons
  16 death yaks
  Urug (Lair:3)
  An orc high priest (Orc:2)
  Nergalle (Orc:2)
  3 deep elf knights
  A sun demon (Abyss:3)
  A sixfirhy (Abyss:2)
  9 unseen horrors
  2 wizards
  3 deep elf archers
  6 lindwurms
  2 oklob plants (Lair:6)
  4 orc knights
  12 ugly things
  9 orc sorcerers
  3 cyclopes
  32 deep elf magi
  2 manticores (Lair:6)
  A moth of wrath (Gauntlet)
  13 elephants
  Joseph (D:7)
  9 black mambas
  Psyche (D:11)
  A torpor snail (Lair:3)
  2 ice statues
  2 smoke demons
  Maggie (D:8)
  A gargoyle (D:13)
  An orange demon (Abyss:3)
  11 spiny frogs
  2 yaktaurs (D:15)
  2 kobold demonologists (D:11)
  An ice devil (Abyss:3)
  8 komodo dragons
  8 rime drakes
  A freezing wraith (D:15)
  2 hellwings
  A troll (shapeshifter) (Abyss:3)
  4 ancient zymes
  8 trolls
  3 meliai (D:12)
  A red devil (Gauntlet)
  4 jumping spiders (Lair:4)
  18 polar bears
  A wind drake (shapeshifter) (D:15)
  7 large abominations (Abyss:2)
  3 hornets (Lair:3)
  12 raiju
  22 blink frogs
  4 slime creatures (D:12)
  9 hippogriffs
  A meliai zombie (D:14)
  2 air elementals
  4 shadows
  4 wyverns
  2 ynoxinuls (Abyss:2)
  3 water elementals
  5 fire bats (Abyss:3)
  5 wraiths
  52 yaks
  2 basilisks
  A fire elemental (D:14)
  7 chaos spawn (Abyss:3)
  3 neqoxecs (Abyss:2)
  14 vampire mosquitoes
  2 hungry ghosts
  4 wargs
  7 small abominations
  A soldier ant (D:12)
  4 acid dragons
  11 water moccasins
  4 hell hounds (D:14)
  18 orc warriors
  7 porcupines
  5 sky beasts
  6 ice beasts
  A black bear (D:7)
  4 phantoms
  An eye of draining (shapeshifter) (D:15)
  16 ogres
  An eye of draining (D:12)
  31 wolves
  20 centaurs
  14 crocodiles
  3 big kobolds
  22 bullfrogs
  Blork the orc (D:4)
  3 earth elementals
  A water moccasin skeleton (D:6)
  6 killer bees (D:8)
  7 scorpions
  11 wights
  An electric eel (D:15)
  4 howler monkeys
  2 bullfrog zombies
  12 crimson imps
  2 quasits
  12 orc priests
  6 centaur zombies
  28 orc wizards
  Crazy Yiuf (D:5)
  A gnoll shaman (D:3)
  6 hounds
  A centaur skeleton (D:11)
  An iron imp (Abyss:2)
  7 jellies
  Jessica (D:2)
  5 bullfrog skeletons
  2 iguanas
  14 worker ants
  Ijyb (D:4)
  A mummy (D:5)
  Robin (D:2)
  2 howler monkey zombies
  A worker ant zombie (D:10)
  11 adders
  23 gnolls
  3 shadow imps
  12 white imps (D:15)
  An ufetubus (Abyss:2)
  2 oozes (D:4)
  An adder zombie (D:10)
  An adder skeleton (D:5)
  6 worms
  4 dart slugs
  6 leopard geckos
  79 orcs
  5 ball pythons
  14 bats
  4 giant cockroaches
  19 goblins
  10 hobgoblins
  13 jackals
  26 kobolds
  6 quokkas
  2 ball python skeletons (Ossuary)
  6 frilled lizards
  A giant cockroach zombie (D:5)
  2 hobgoblin skeletons (Ossuary)
  A kobold zombie (Ossuary)
  2 orc skeletons (Ossuary)
  3 orc zombies (Ossuary)
  4 rats
  A plant (Lair:5)
1068 creatures vanquished.

Vanquished Creatures (collateral kills)
  A frost giant (IceCv)
  The ghost of Qeorph the Fighter, a journeyman FoAK of Lugonu (Lair:5)
  Snorg (D:14)
3 creatures vanquished.

Vanquished Creatures (others)
  A wolf (IceCv)
  An earth elemental (Elf:1)
  An orc wizard (D:7)
  An orc (Orc:2)
  8 fungi
  7 plants
  4 starspawn tentacles
23 creatures vanquished.

Grand Total: 1094 creatures vanquished

Notes
Turn   | Place    | Note
-------+----------+-------------------------------------------
     0 | D:1      | inmateoo the Troll Wizard began the quest for the Orb.
     0 | D:1      | Reached XP level 1. HP: 16/16 MP: 2/2
   164 | D:1      | Reached skill level 1 in Unarmed Combat
   271 | D:1      | Reached XP level 2. HP: 26/26 MP: 4/4
   727 | D:1      | Reached skill level 1 in Fighting
   821 | D:1      | Reached skill level 2 in Unarmed Combat
  1012 | D:2      | Reached XP level 3. HP: 32/33 MP: 3/5
  1534 | D:2      | Reached skill level 3 in Unarmed Combat
  1534 | D:2      | Reached XP level 4. HP: 41/41 MP: 6/6
  1556 | D:2      | Noticed Jessica
  1560 | D:2      | Killed Jessica
  1575 | D:2      | Found an iron altar of Okawaru.
  1857 | D:2      | Learned a level 2 spell: Blink
  1860 | D:2      | Learned a level 2 spell: Slow
  2003 | D:2      | Noticed Robin
  2048 | D:2      | Killed Robin
  2048 | D:2      | Reached XP level 5. HP: 31/49 MP: 5/7
  2472 | D:3      | Reached skill level 4 in Unarmed Combat
  2727 | D:2      | Became a worshipper of Warmaster Okawaru
  3135 | D:3      | Reached XP level 6. HP: 59/59 MP: 8/8
  3473 | D:3      | Reached skill level 5 in Unarmed Combat
  3554 | D:4      | Reached skill level 1 in Invocations
  3560 | D:4      | Reached * piety under Okawaru
  3560 | D:4      | Reached XP level 7. HP: 59/66 MP: 7/9
  3769 | D:4      | Noticed Ijyb
  3792 | D:4      | Killed Ijyb
  3875 | D:4      | Noticed Blork the orc
  3889 | D:4      | Killed Blork the orc
  3976 | D:5      | Entered Level 5 of the Dungeon
  4102 | D:5      | Found a sand-covered staircase.
  4111 | Ossuary  | Entered an ossuary
  4241 | Ossuary  | Noticed a flying skull
  4241 | Ossuary  | Noticed a wraith
  4254 | Ossuary  | Noticed a wraith
  4262 | Ossuary  | Killed a wraith
  4262 | Ossuary  | Reached skill level 6 in Unarmed Combat
  4293 | Ossuary  | Noticed a flying skull
  4307 | Ossuary  | Noticed a flying skull
  4315 | Ossuary  | Noticed a flying skull
  4403 | D:5      | Reached ** piety under Okawaru
  4460 | D:5      | Reached XP level 8. HP: 75/75 MP: 9/11
  4500 | D:5      | Noticed a +0 dagger
  4500 | D:5      | Noticed a +0 dagger
  4750 | D:5      | Reached skill level 1 in Throwing
  4750 | D:5      | Reached skill level 7 in Unarmed Combat
  5024 | D:5      | Found a hide-covered altar of Uskayaw.
  5043 | D:5      | Found a runed translucent door.
  5044 | D:5      | Noticed Crazy Yiuf
  5090 | D:5      | Killed Crazy Yiuf
  5284 | D:6      | Found an ornate altar of the Wu Jian Council.
  5345 | D:6      | Reached *** piety under Okawaru
  5364 | D:6      | Reached XP level 9. HP: 82/84 MP: 10/12
  5568 | D:6      | Found a hazy altar of Hepliaklqana.
  5605 | D:6      | Received a gift from Okawaru
  5770 | D:6      | Found a bloodstained altar of Trog.
  5964 | D:7      | Found a staircase to the Ecumenical Temple.
  6025 | D:7      | Noticed Joseph
  6045 | D:7      | Killed Joseph
  6045 | D:7      | Reached skill level 8 in Unarmed Combat
  6115 | D:7      | Noticed a two-headed ogre
  6129 | D:7      | Killed a two-headed ogre
  6684 | D:7      | Learned a level 3 spell: Conjure Flame
  6725 | D:7      | Reached skill level 5 in Fighting
  6757 | D:7      | Received a gift from Okawaru
  7088 | D:8      | Reached XP level 10. HP: 89/96 MP: 12/15
  7095 | D:8      | Reached skill level 9 in Unarmed Combat
  7257 | D:8      | Received a gift from Okawaru
  7395 | D:8      | Noticed Maggie
  7408 | D:8      | Killed Maggie
  7598 | D:8      | Found a white marble altar of Elyvilon.
  7660 | D:8      | Noticed a two-headed ogre
  7677 | D:8      | Killed a two-headed ogre
  7677 | D:8      | Reached **** piety under Okawaru
  7756 | D:8      | Found Maso's Book Emporium.
  8856 | D:9      | Noticed a two-headed ogre
  8918 | D:9      | Killed a two-headed ogre
  8918 | D:9      | Reached skill level 10 in Unarmed Combat
  9110 | D:10     | Entered Level 10 of the Dungeon
  9120 | D:10     | Reached ***** piety under Okawaru
  9163 | D:10     | Noticed an unseen horror
  9178 | D:10     | Killed an unseen horror
  9178 | D:10     | Reached skill level 5 in Dodging
  9178 | D:10     | Reached XP level 11. HP: 93/107 MP: 13/16
  9368 | D:10     | Found a staircase to the Lair.
  9598 | D:10     | Noticed a two-headed ogre
  9609 | D:10     | Killed a two-headed ogre
  9731 | D:10     | Noticed a seven-headed hydra
  9745 | D:10     | Killed a seven-headed hydra
  9745 | D:10     | Reached skill level 5 in Throwing
 10375 | D:11     | Noticed a red ugly thing
 10384 | D:11     | Killed a red ugly thing
 10384 | D:11     | Received a gift from Okawaru
 10528 | D:11     | Received a gift from Okawaru
 10528 | D:11     | Reached skill level 11 in Unarmed Combat
 10528 | D:11     | Reached skill level 5 in Spellcasting
 10648 | D:11     | Found a staircase to the Orcish Mines.
 10700 | D:11     | Found a white marble altar of Elyvilon.
 10701 | D:11     | Noticed Psyche
 10701 | D:11     | Noticed a two-headed ogre
 10731 | D:11     | Killed Psyche
 10736 | D:11     | Killed a two-headed ogre
 11036 | D:11     | Reached XP level 12. HP: 119/119 MP: 18/18
 11753 | D:12     | Noticed a four-headed hydra
 11759 | D:12     | Killed a five-headed hydra
 11759 | D:12     | Reached ****** piety under Okawaru
 11759 | D:12     | Received a gift from Okawaru
 11933 | D:12     | Reached skill level 12 in Unarmed Combat
 12538 | D:13     | Noticed a vault guard
 12565 | D:13     | Killed a vault guard
 12625 | D:13     | Noticed a vault guard
 12648 | D:13     | Killed a vault guard
 12681 | D:13     | Noticed a vault guard
 12686 | D:13     | Noticed a centaur warrior
 12702 | D:13     | Killed a vault guard
 12705 | D:13     | Killed a centaur warrior
 12903 | D:13     | Found a gate to the Vaults.
 12945 | D:13     | Noticed a five-headed hydra
 12962 | D:13     | Killed a seven-headed hydra
 13081 | D:13     | Reached skill level 13 in Unarmed Combat
 13243 | D:13     | Noticed a six-headed hydra
 13259 | D:13     | Killed a nine-headed hydra
 13259 | D:13     | Received a gift from Okawaru
 13402 | D:13     | Noticed a vault guard
 13414 | D:13     | Killed a vault guard
 13514 | D:13     | Reached XP level 13. HP: 131/131 MP: 21/21
 13752 | D:13     | Found a portal to a secret trove of treasure.
 13855 | D:14     | Found a flagged portal.
 14059 | Bailey   | Entered a bailey
 14066 | Bailey   | Noticed an orc warlord
 14067 | Bailey   | Found the +8 demon blade "Leech" {vamp, *Rage +Rage rN+}
 14169 | Bailey   | Found a runed translucent gate.
 14176 | Bailey   | Found a runed translucent gate.
 14233 | Bailey   | Found a runed translucent gate.
 14330 | Bailey   | Killed an orc warlord
 14330 | Bailey   | Reached skill level 14 in Unarmed Combat
 14330 | Bailey   | Reached skill level 5 in Invocations
 14364 | Bailey   | Identified a scroll of acquirement
 14364 | Bailey   | Identified the ring "Ehum" {EV+2 Dex+2} (You acquired it in
                  | a bailey)
 14417 | D:14     | Received a gift from Okawaru
 14420 | D:14     | Got a polished great sword {god gift}
 14423 | D:14     | Identified the +6 great sword of Brutal Revenge {drain,
                  | +Inv Stlth+} (Okawaru gifted it to you on level 14 of the
                  | Dungeon)
 14490 | D:14     | Noticed Snorg
 14692 | D:14     | Learned a level 1 spell: Beastly Appendage
 14695 | D:14     | Learned a level 2 spell: Passwall
 14701 | D:14     | Learned a level 5 spell: Blade Hands
 14708 | D:14     | Learned a level 6 spell: Statue Form
 14724 | D:14     | Found the -2 hat of the Alchemist {rElec rPois rF+ rC+ rN+
                  | MR+ rMut rCorr}
 14836 | D:14     | Noticed Azrael
 14872 | D:14     | Killed Azrael
 14872 | D:14     | Reached skill level 1 in Earth Magic
 15042 | D:14     | Reached skill level 1 in Armour
 15261 | D:13     | Reached skill level 1 in Transmutations
 15335 | D:14     | Killed Snorg
 15335 | D:14     | Received a gift from Okawaru
 15735 | D:15     | Entered Level 15 of the Dungeon
 15900 | D:15     | Found Geesunol's Magic Scroll Shop.
 15959 | D:15     | Found a frozen archway.
 16058 | D:15     | Found Fejonag's Armour Emporium.
 16076 | D:15     | Found Iwokluun's Armour Emporium.
 16091 | D:15     | Bought a scroll of identify for 26 gold pieces
 16091 | D:15     | Bought a scroll of identify for 26 gold pieces
 16091 | D:15     | Bought a scroll of teleportation for 39 gold pieces
 16091 | D:15     | Bought a scroll of teleportation for 39 gold pieces
 16091 | D:15     | Bought a scroll of blinking for 97 gold pieces
 16091 | D:15     | Bought a scroll of magic mapping for 45 gold pieces
 16091 | D:15     | Bought a scroll of summoning for 123 gold pieces
 16095 | D:15     | Reached skill level 5 in Earth Magic
 16095 | D:15     | Reached XP level 14. HP: 104/140 MP: 19/22
 16119 | IceCv    | Entered an ice cave
 16379 | IceCv    | Reached XP level 15. HP: 82/146 MP: 13/23
 17211 | IceCv    | Noticed a frost giant
 17569 | IceCv    | Identified the ring of Rumewk {Ice rElec Dex+3 SInv Stlth+}
 17575 | IceCv    | Killed a frost giant
 17592 | IceCv    | Got a vibrating graven amulet
 17595 | IceCv    | Identified the amulet of Fatigue {Regen+ Dex+7} (You found
                  | it in an ice cave)
 18084 | D:15     | Received a gift from Okawaru
 18276 | D:15     | Found Jummemo's Antique Armour Shop.
 18290 | D:15     | Found Plog's Gadget Shoppe.
 18485 | D:15     | Found a staircase to the Depths.
 18485 | D:15     | Noticed a frost giant
 18493 | D:15     | Killed a frost giant
 18746 | Lair:1   | Entered Level 1 of the Lair of Beasts
 19447 | Lair:2   | Found a gate leading to a gauntlet.
 19457 | Gauntlet | Entered a Gauntlet
 19457 | Gauntlet | Found a transporter.
 19465 | Gauntlet | Found a transporter.
 19467 | Gauntlet | Found a transporter.
 19468 | Gauntlet | Found a transporter.
 19476 | Gauntlet | Found a transporter.
 19479 | Gauntlet | Found a transporter.
 19480 | Gauntlet | Found a transporter.
 19487 | Gauntlet | Found a runed translucent door.
 19490 | Gauntlet | Found a transporter.
 19491 | Gauntlet | Found a transporter.
 19492 | Gauntlet | Found a transporter.
 19503 | Gauntlet | Found a transporter.
 19503 | Gauntlet | Found a transporter.
 19504 | Gauntlet | Found a transporter.
 19512 | Gauntlet | Found a transporter.
 19628 | Gauntlet | Got an ancient turquoise ring
 19633 | Gauntlet | Identified the ring of Vanity {Fire SInv} (You found it in
                  | a Gauntlet)
 19762 | Gauntlet | Got an ancient cloak
 19773 | Gauntlet | Identified the +1 cloak of the Castellan {Str+2} (You found
                  | it in a Gauntlet)
 19871 | Gauntlet | Identified the +6 war axe of Evolution {venom, rElec SInv}
 19871 | Gauntlet | Identified the +5 hand crossbow "Lero Norgh" {penet, rN+
                  | Int+2}
 19872 | Gauntlet | Found the +8 arc blade {discharge, rElec}
 19961 | Gauntlet | Identified the Collected Works on Transmigration
 19967 | Gauntlet | Identified Guadioh's Catalogue of Orientation
 20056 | Lair:2   | Noticed Gastronok
 20070 | Lair:2   | Killed Gastronok
 21034 | Lair:3   | Found a staircase to the Shoals.
 21120 | Lair:3   | Noticed Urug
 21138 | Lair:3   | Killed Urug
 21317 | Lair:3   | Received a gift from Okawaru
 21652 | Lair:3   | Found a runed translucent door.
 21708 | Lair:3   | Reached skill level 10 in Fighting
 21970 | Lair:3   | You fall into a shaft and drop 2 floors!
 22127 | Lair:5   | Reached XP level 16. HP: 59/158 MP: 24/26
 22245 | Lair:6   | Entered Level 6 of the Lair of Beasts
 22258 | Lair:6   | Noticed Josephine
 22266 | Lair:6   | Killed Josephine
 22938 | Lair:5   | Found a runed translucent door.
 22939 | Lair:5   | Found a shimmering altar of Xom.
 22939 | Lair:5   | Noticed Qeorph's ghost (journeyman FoAK)
 22939 | Lair:5   | Identified the +8 morningstar of the Old World {chaos, +Fly
                  | rPois}
 23543 | Lair:4   | Received a gift from Okawaru
 24095 | Lair:4   | Found a hole to the Spider Nest.
 24775 | Lair:3   | Found a shimmering altar of Xom.
 24775 | Lair:3   | Noticed Siteim's ghost (journeyman MiAK)
 24788 | Lair:3   | Killed Siteim's ghost
 24871 | Lair:5   | Paralysed by a +8 morningstar of the Old World {chaos, +Fly
                  | rPois} for 4 turns
 24879 | Lair:5   | Cast into level 2 of the Abyss (Qeorph's ghost)
 25130 | Abyss:2  | Noticed a tentacled starspawn
 25140 | Abyss:2  | Killed a tentacled starspawn
 25140 | Abyss:2  | Reached skill level 5 in Armour
 25252 | Abyss:2  | Noticed a lich
 25259 | Abyss:2  | Killed a lich
 25259 | Abyss:2  | Reached skill level 15 in Unarmed Combat
 25432 | Abyss:2  | Received a gift from Okawaru
 25719 | Abyss:3  | Noticed a tentacled starspawn
 25730 | Abyss:3  | Killed a tentacled starspawn
 25769 | Lair:5   | Escaped the Abyss
 25779 | Lair:5   | Killed Qeorph's ghost
 25974 | Lair:5   | Reached skill level 5 in Transmutations
 26241 | Lair:6   | Found a staircase to the Slime Pits.
 26258 | Lair:6   | Received a gift from Okawaru
 26872 | Lair:6   | Received a gift from Okawaru
 26890 | Lair:6   | Got a flickering platinum ring
 26891 | Lair:6   | Identified the ring "Haumn" {rPois rF- MR+++ Str-4 SInv}
                  | (You found it on level 6 of the Lair of Beasts)
 27042 | Lair:6   | Reached XP level 17. HP: 161/166 MP: 27/29
 27782 | Orc:1    | Entered Level 1 of the Orcish Mines
 28019 | Orc:2    | Entered Level 2 of the Orcish Mines
 28859 | Orc:2    | Found a staircase to the Elven Halls.
 29081 | Orc:2    | Found a roughly hewn altar of Beogh.
 29390 | Orc:2    | Found Bairuaso's Distillery.
 29397 | Orc:2    | Bought a potion of heal wounds for 65 gold pieces
 29397 | Orc:2    | Bought a potion of might for 52 gold pieces
 29397 | Orc:2    | Bought a potion of might for 52 gold pieces
 29397 | Orc:2    | Bought a potion of lignification for 39 gold pieces
 29397 | Orc:2    | Bought a potion of magic for 104 gold pieces
 29397 | Orc:2    | Bought a potion of lignification for 39 gold pieces
 29397 | Orc:2    | Bought a potion of curing for 39 gold pieces
 29397 | Orc:2    | Bought a potion of haste for 130 gold pieces
 29410 | Orc:2    | Found an ancient bone altar of Kikubaaqudgha.
 29410 | Orc:2    | Noticed Nergalle
 29428 | Orc:2    | Killed Nergalle
 29452 | Orc:2    | Found Zoag's Antique Armour Shop.
 29452 | Orc:2    | Noticed Erolcha
 29465 | Orc:2    | Killed Erolcha
 29535 | Orc:2    | Found a radiant altar of Vehumet.
 29557 | Orc:2    | Found a roughly hewn altar of Beogh.
 29557 | Orc:2    | Found Ecvimm's Antique Weapon Shop.
 29634 | Orc:2    | Found Orummesiz's Gadget Shop.
 29825 | Elf:1    | Entered Level 1 of the Elven Halls
 30076 | Elf:1    | Identified Sif Muna's Reference Book on Toxic Combat Magic
                  | (You acquired it on level 1 of the Elven Halls)
 30076 | Elf:1    | Identified the +0 hat "Tawoeg" {*Corrode MR+ Regen+ Int+8}
                  | (You acquired it on level 1 of the Elven Halls)
 30483 | Elf:1    | Found Jeckenak's Jewellery Emporium.
 31349 | Elf:1    | Received a gift from Okawaru
 31349 | Elf:1    | Reached skill level 10 in Dodging
 31626 | Elf:2    | Reached skill level 10 in Spellcasting
 32156 | Elf:2    | Found a runed translucent gate.
 32159 | Elf:2    | Found a runed translucent gate.
 32160 | Elf:2    | Found a runed translucent gate.
 32242 | Elf:3    | Entered Level 3 of the Elven Halls
 32703 | Elf:3    | Received a gift from Okawaru
 32929 | Elf:3    | Noticed a deep elf master archer
 32946 | Elf:3    | Reached skill level 16 in Unarmed Combat
 33110 | Elf:3    | Reached XP level 18. HP: 174/174 MP: 31/31
 33279 | Elf:3    | Reached skill level 10 in Earth Magic
 33305 | Elf:3    | Cast into level 2 of the Abyss (a deep elf sorcerer)
 33356 | Abyss:2  | Gained mutation: Scrolls take you a little longer to read.
                  | [a neqoxec]
 33391 | Abyss:2  | Found a hide-covered altar of Uskayaw.
 33492 | Abyss:3  | Noticed an ancient lich
 33497 | Abyss:3  | Noticed a lich
 33497 | Abyss:3  | Noticed a lich
 33498 | Abyss:3  | Killed an ancient lich
 33499 | Abyss:3  | Noticed a lich
 33501 | Abyss:3  | Noticed a lich
 33505 | Abyss:3  | Killed a lich
 33512 | Abyss:3  | Killed a lich
 33512 | Abyss:3  | Received a gift from Okawaru
 33513 | Abyss:3  | Killed a lich
 33515 | Abyss:3  | Killed a lich
 33521 | Abyss:3  | Got an abyssal rune of Zot
 33534 | Elf:3    | Escaped the Abyss
 33607 | Elf:3    | Lost mutation: Scrolls take you a little longer to read.
                  | [potion of mutation]
 33607 | Elf:3    | Gained mutation: You have very sharp teeth. [potion of
                  | mutation]
 33607 | Elf:3    | Gained mutation: You are covered in thick fur. (AC +2)
                  | [potion of mutation]
 33709 | Elf:3    | Received a gift from Okawaru
 33772 | Elf:3    | Noticed an Ice Fiend
 33779 | Elf:3    | Annihilated by an Ice Fiend

Levels and vault maps discovered:
D:1:      dpeg_arrival_pond, layout_basic
D:2:      layout_basic, okawaru_metal_pillars_1_2, uniq_jessica, uniq_robin
D:3:      layout_loops_ring
D:4:      layout_rooms, minmay_small_thing, uniq_blork_the_orc, uniq_ijyb
D:5:      layout_cave_pools, dancing_weapons_uskayaw, gup_ossuary_entry_pyramid,
          first_ration, due_unseen_surprise, uniq_crazy_yiuf_cottage
D:6:      layout_basic, lemuel_round_altar, nicolae_overflow_hidden_temple,
          skrybe_limestone_x
D:7:      layout_basic, minmay_temple_entry_drinking_statues, uniq_joseph
D:8:      layout_basic, old_standard_altar, serial_shops, nicolae_shop_trees,
          uniq_maggie
D:9:      layout_loops_corners
D:10:     layout_roguey, david_lair_generic, blue_anna_alchemist
          [blue_anna_fruit_fields, blue_anna_fruit_fields], minmay_holes,
          grunt_ministairs_12
D:11:     minmay_inner_zag, layout_basic, orc_0_dummy, elyvilon_altar_5,
          uniq_psyche
D:12:     layout_loops_ring
D:13:     layout_loops_ring, lightli_vaults_fourway_checkpoint, enter_trove_3,
          hex_tiny
D:14:     layout_basic, chequers_decorated_corner, enter_bailey_6, uniq_azrael,
          uniq_snorg
D:15:     grunt_enter_depths_snipers, layout_basic, solitary_fountain,
          serial_shops, nicolae_shop_waterfront, shop, shop,
          nicolae_shop_behind_doors, shop, portal_ice_cave_entry_imps,
          corner_web_ring
Lair:1:   layout_gridlike, st_stairs_3, zaba_anthole, grunt_megastairs_1
Lair:2:   layout_cave_pods, gauntlet_entry_generic, serial_bayou_shore_a,
          grunt_megastairs_2, lemuel_fruit_tree, uniq_gastronok
Lair:3:   cheibrodos_lair_overgrown_chateau, layout_regular_city,
          elwin_shoals_entry_rocks, ebering_ghost_xom, beast_lair_carwin_1,
          uniq_urug
Lair:4:   layout_hall_layers, spider_nest_entry_funnel_web,
          infiniplex_staircase_pool_2, serial_bayou_shore_b, grunt_megastairs_3
Lair:5:   layout_gridlike, ebering_ghost_xom, hibernation_bobbens,
          grunt_megastairs_5
Lair:6:   evilmike_catoblepas_cave, layout_regular_city,
          minmay_slime_entry_oklob_open, minmay_lindwurm_lava, uniq_josephine
Orc:1:    layout_caves
Orc:2:    kennysheep_orc_mage_school, layout_caves, minmay_orc_temple_b
Elf:1:    eino_elf_arrival_sip, layout_loops_corners, serial_shops, shop,
          evilmike_minifort, drop_trap, minmay_crystal_room
Elf:2:    layout_loops_cross, due_unseen_surprise
Elf:3:    minmay_elf_hall, layout_rooms

Skill      XL: |  1  2  3  4  5  6  7  8  9 10 11 12 13 14 15 16 17 18 |
---------------+-------------------------------------------------------+-----
Unarmed Combat | 1 2 3 4 5 6 7 8 10 11 13 14 15 16 | 16.5
Fighting       | 1 2 3 4 5 6 8 9 10 | 10.0
Dodging        | 2 3 4 5 6 7 8 9 10 | 10.0
Invocations    | 1 2 3 4 7 |  7.0
Spellcasting   | 3 4 5 6 7 9 10 11 | 11.1
Throwing       | 1 3 4 5 |  5.0
Earth Magic    | 5 7 8 9 10 | 10.7
Armour         | 1 2 4 5 |  5.0
Transmutations | 1 3 5 6 7 |  7.8
Stealth        | |  1.0
Conjurations   | |  0.6
Summonings     | |  0.6
Translocations | |  0.6

Action                   |  1- 3 |  4- 6 |  7- 9 | 10-12 | 13-15 | 16-18 || total
-------------------------+-------+-------+-------+-------+-------+-------++-------
Melee: Unarmed           |   121 |   235 |   349 |   681 |  1014 |  1474 ||  3874
       Punch             |       |     2 |    12 |    35 |    81 |   130 ||   260
       Demon trident     |       |       |       |       |       |     4 ||     4
       Bite              |       |       |       |       |       |     3 ||     3
Throw: Large rock        |       |       |     1 |     2 |    12 |    13 ||    28
       Stone             |       |       |     1 |     1 |     2 |       ||     4
       Javelin           |       |       |       |     3 |     3 |       ||     6
       Boomerang         |       |       |       |       |    19 |       ||    19
 Cast: Blink             |       |       |       |       |       |     2 ||     2
       Statue Form       |       |       |       |       |       |     8 ||     8
Invok: Heroism           |       |       |     2 |    12 |    26 |    27 ||    67
       Finesse           |       |       |       |       |     2 |     2 ||     4
Evoke: Wand              |       |       |     2 |    13 |    10 |     2 ||    27
       Phantom mirror    |       |       |       |       |     1 |       ||     1
       Lightning rod     |       |       |       |       |     3 |     7 ||    10
  Use: Scroll            |       |    10 |     9 |     5 |    16 |    13 ||    53
       Potion            |       |       |     1 |     1 |     2 |     6 ||    10
 Stab: Sleeping          |     1 |     1 |     6 |       |     8 |       ||    16
       Confused          |       |       |     2 |     2 |     2 |       ||     6
       Distracted        |       |       |       |       |       |     2 ||     2
       Petrified         |       |       |       |       |       |     1 ||     1
  Eat: Chunk             |    18 |    20 |    32 |    60 |    72 |    79 ||   281
       Ration            |       |       |       |     1 |     4 |    10 ||    15
Armor: Robe              |    61 |    81 |    82 |    13 |       |       ||   237
       Acid dragon scale |       |       |       |   286 |   284 |       ||   570
       Skin              |       |       |       |    21 |       |   120 ||   141
       Ice dragon scales |       |       |       |       |   114 |   703 ||   817
Dodge: Dodged            |    61 |    83 |   162 |   370 |   616 |  1023 ||  2315
Block: Kite shield       |       |       |       |       |       |    82 ||    82

Table legend:
 A = Non-vault XP
 B = Vault XP
 C = Vault XP percentage of total XP
 D = Non-vault monster count
 E = Vault monster count
 F = Vault count percentage of total count
                 A         B        C        D         E       F
            +---------+---------+-------+---------+---------+-------
      Total |  160884 |  150415 |  48.3 |     716 |     356 |  33.2
            +---------+---------+-------+---------+---------+-------
        D:1 |      51 |       0 |   0.0 |      21 |       0 |   0.0
        D:2 |     127 |      73 |  36.5 |      30 |      13 |  30.2
        D:3 |     194 |       0 |   0.0 |      36 |       0 |   0.0
        D:4 |     448 |     130 |  22.5 |      18 |       3 |  14.3
        D:5 |    1054 |      58 |   5.2 |      26 |       2 |   7.1
        D:6 |     817 |       0 |   0.0 |      16 |       0 |   0.0
        D:7 |    1714 |     448 |  20.7 |      25 |       1 |   3.8
        D:8 |    2595 |     415 |  13.8 |      31 |       1 |   3.1
        D:9 |    1660 |       0 |   0.0 |       9 |       0 |   0.0
       D:10 |    4588 |     983 |  17.6 |      30 |       5 |  14.3
       D:11 |    5938 |    1093 |  15.5 |      34 |       5 |  12.8
       D:12 |    6145 |       0 |   0.0 |      39 |       0 |   0.0
       D:13 |    4987 |    5136 |  50.7 |      20 |      12 |  37.5
       D:14 |   13170 |    2874 |  17.9 |      41 |       7 |  14.6
       D:15 |   14286 |    3130 |  18.0 |      45 |      15 |  25.0
     Lair:1 |    1613 |     673 |  29.4 |       8 |       4 |  33.3
     Lair:2 |    4009 |    2402 |  37.5 |      14 |       2 |  12.5
     Lair:3 |    6379 |    7674 |  54.6 |      16 |      25 |  61.0
     Lair:4 |    4621 |    1323 |  22.3 |      22 |       5 |  18.5
     Lair:5 |   11198 |    3069 |  21.5 |      28 |       5 |  15.2
     Lair:6 |   13576 |   17751 |  56.7 |      38 |      33 |  46.5
      Orc:1 |    4488 |       0 |   0.0 |      42 |       0 |   0.0
      Orc:2 |    3464 |    8787 |  71.7 |      31 |      44 |  58.7
      Elf:1 |   10439 |    9737 |  48.3 |      15 |      19 |  55.9
      Elf:2 |    9040 |    5404 |  37.4 |      13 |       7 |  35.0
      Elf:3 |   11415 |   27172 |  70.4 |      16 |      18 |  52.9
    Abyss:2 |   15995 |       0 |   0.0 |      38 |       0 |   0.0
    Abyss:3 |    6873 |   29024 |  80.9 |      14 |      22 |  61.1
    Ossuary |       0 |     324 | 100.0 |       0 |      13 | 100.0
     Bailey |       0 |    2673 | 100.0 |       0 |      27 | 100.0
      IceCv |       0 |   12422 | 100.0 |       0 |      53 | 100.0
   Gauntlet |       0 |    7640 | 100.0 |       0 |      15 | 100.0
            +---------+---------+-------+---------+---------+-------
